 Dungeon Crawl Stone Soup version 0.20.1-1-g8b1a95d (webtiles) character file.

352 Irenicus the Cutter (level 6, -12/32 HPs)
             Began as a Spriggan Chaos Knight on Oct 9, 2017.
             Killed by divine providence
             ... invoked by an orc priest
              (14 damage)
             ... on level 4 of the Dungeon.
             The game lasted 00:09:22 (3319 turns).

Irenicus the Cutter (Spriggan Chaos Knight)         Turns: 3319, Time: 00:09:26

Health: -12/32     AC:  3    Str:  6 (8)  XL:     6   Next: 34%
Magic:  7/7        EV: 17    Int: 15 (19) God:    Xom [..*...]
Gold:   198        SH:  0    Dex: 14 (17) Spells: 5/5 levels left

rFire    . . .     SeeInvis +   a - +0 short sword (chaos)
rCold    . . .     Gourm    .   (shield restricted)
rNeg     . . .     Faith    .   b - +2 robe
rPois    .         Spirit   .   (helmet restricted)
rElec    .         Reflect  .   (no cloak)
rCorr    .         Harm     .   (gloves unavailable)
MR       ++...                  (boots unavailable)
Stlth    ++........             (no amulet)
Regen    0.1/turn               q - ring of protection from magic
MPRegen  0.1/turn               (no ring)

@: brilliant, liquefying, very slightly contaminated, slowed movement, drained,
quick
A: unfitting armour, see invisible, deformed body, deterioration 1, herbivore 3,
speed 3, slow metabolism 2
a: Renounce Religion


You were on level 4 of the Dungeon.
You worshipped Xom.
You were a toy of Xom.
You were not hungry.

You visited 1 branch of the dungeon, and saw 4 of its levels.

You collected 198 gold pieces.

Inventory:

Hand Weapons
 a - a +0 short sword of chaos (weapon)
 o - a +0 dagger of venom
Armour
 b - a +2 robe (worn)
Jewellery
 m - an uncursed ring of ice
 q - a ring of protection from magic (left hand)
Wands
 f - a wand of polymorph (13/24)
Scrolls
 e - 2 scrolls of fear {unknown}
 h - a scroll of teleportation {unknown}
 j - 2 scrolls of remove curse {unknown}
 k - 4 scrolls of enchant weapon {unknown}
 l - 2 scrolls of amnesia {unknown}
 n - 3 scrolls of identify {unknown}
Potions
 p - a potion of degeneration
 r - a potion of mutation {unknown}
 s - a potion of might {unknown}
Comestibles
 c - 5 bread rations
 d - 4 royal jellies


   Skills:
 - Level 2.4(1.4) Fighting
 + Level 7.3(6.2) Short Blades
 - Level 3.5(2.5) Dodging
 - Level 4.0(3.1) Stealth


You had 5 spell levels left.
You didn't know any spells.

Dungeon Overview and Level Annotations

Branches:
Dungeon (4/15)
 Temple: D:4-7

Altars:
Elyvilon


Innate Abilities, Weirdness & Mutations

You are very small and have problems with some larger weapons.
You are too small for most types of armour.
You have supernaturally acute eyesight. (SInv)
You are a herbivore.
You cover ground extremely quickly.
You need consume almost no food.
Armour fits poorly on your strangely shaped body.
Your body sometimes deteriorates upon taking damage.


Message History

The orc wizard barely misses you.
Your unstable footing causes you to fumble your attack.
The orc wizard misses you.
You closely miss the orc wizard.
The orc wizard is lightly wounded.
The orc wizard hits you with a dagger of draining.
You feel drained.
You hit the orc wizard.
The orc wizard is moderately wounded.
The orc wizard gestures at you while chanting.
The magic dart hits you!
* * * LOW HITPOINT WARNING * * *
It was a potion of degeneration.
There was something very wrong with that liquid.
You feel weakened.
You feel dopey.
You feel clumsy. The orc wizard misses you.
The orc priest calls down the wrath of Beogh upon you.
Beogh smites you!
You die...
Xom titters!

,* #.........# *
#.######### * #.# #.# *
#.# #.# #.##########
#.#.o....o.#
#.#@#####>## #.#.#<,.#.#
########### #.#.###o#.#
#.........####.#.#...#o#
#.........'....#.#o###.#
#.........######.#.# #.#
#.........### #.#.###.##
#.........'.# #.#.o....#
#.........#.# #.########


You could see an orc priest and an orc wizard.

Vanquished Creatures
  The ghost of Irenicus the Insei, an amateur OpCK of Xom (D:3)
  An iguana (D:4)
  An orc wizard (D:3)
  5 gnolls
  9 adders
  2 oozes (D:4)
  2 worms
  2 dart slugs
  2 leopard geckos (D:2)
  4 orcs
  6 bats
  3 giant cockroaches
  10 goblins
  5 hobgoblins
  11 jackals
  7 kobolds
  A quokka (D:4)
  2 ball pythons
  7 frilled lizards
  A leopard gecko skeleton (D:4)
  4 rats
86 creatures vanquished.

Notes
Turn   | Place    | Note
-------+----------+-------------------------------------------
     0 | D:1      | Irenicus the Spriggan Chaos Knight began the quest for the Orb.
     0 | D:1      | Reached XP level 1. HP: 11/11 MP: 2/2
    30 | D:1      | Reached skill level 1 in Stealth
   130 | D:1      | XOM: cloud trail
   138 | D:1      | Reached XP level 2. HP: 14/16 MP: 3/3
   542 | D:2      | XOM: enchant monster (good)
   564 | D:2      | Reached XP level 3. HP: 18/19 MP: 4/4
   787 | D:2      | Found a white marble altar of Elyvilon.
   792 | D:2      | XOM: god gift: long sword {god gift}
   913 | D:2      | Reached skill level 4 in Short Blades
   985 | D:2      | XOM: god gift: amethyst potion {god gift}
   991 | D:2      | XOM: severe Hex miscast
  1023 | D:2      | Gained mutation: Your body sometimes deteriorates upon taking damage. [mutagenic glow]
  1061 | D:2      | Gained mutation: Armour fits poorly on your strangely shaped body. [mutagenic glow]
  1075 | D:2      | XOM: draining
  1089 | D:2      | Reached XP level 4. HP: 8/23 MP: 5/5
  1907 | D:3      | Reached skill level 5 in Short Blades
  2336 | D:3      | Reached XP level 5. HP: 23/27 MP: 6/6
  2368 | D:3      | XOM: polymorph kobold -> gnoll
  2379 | D:3      | XOM: medium Fire miscast
  2469 | D:3      | XOM: summons 2 hostile demons
  2491 | D:3      | Noticed Irenicus's ghost (amateur OpCK)
  2600 | D:3      | XOM: summons 3 friendly demons
  2605 | D:3      | XOM: harmless Chrm miscast
  2610 | D:3      | Killed Irenicus's ghost
  2610 | D:3      | Reached skill level 6 in Short Blades
  2897 | D:4      | XOM is BORED!
  2897 | D:4      | XOM: summons 2 hostile demons
  3067 | D:4      | Reached XP level 6. HP: 29/32 MP: 7/7
  3078 | D:4      | XOM: 2-stop teleportation journey
  3147 | D:4      | XOM: potion effect (invisibility)
  3169 | D:4      | Reached skill level 7 in Short Blades
  3291 | D:4      | XOM: divination: magic mapping
  3309 | D:4      | XOM: cast spell 'Leda's Liquefaction'
  3319 | D:4      | Killed from afar by an orc priest

Skill      XL: |  1  2  3  4  5  6 |
---------------+-------------------+-----
Stealth        | 2 4 |  4.0
Short Blades   | 4 5 6 7 |  7.3
Fighting       | |  2.4
Dodging        | |  3.5

Action                   |  1- 3 |  4- 6 || total
-------------------------+-------+-------++-------
Melee: Short sword       |   110 |   124 ||   234
       Dagger            |       |    37 ||    37
Evoke: Wand              |     1 |     1 ||     2
  Use: Potion            |       |     4 ||     4
 Stab: Petrifying        |     1 |       ||     1
       Sleeping          |     8 |    12 ||    20
       Distracted        |     1 |     1 ||     2
       Petrified         |     1 |       ||     1
       Confused          |       |     1 ||     1
       Invisible         |       |     2 ||     2
Armor: Robe              |    11 |    13 ||    24
Dodge: Dodged            |    66 |    92 ||   158
